 Dungeon Crawl Stone Soup version 0.28-a0-1404-g4df0f3684d (webtiles) character file.

Game seed: 8036246639197180928

1750 southernslant the Digger (level 9, -2/52 HPs)
             Began as a Gargoyle Earth Elementalist on Jan 6, 2022.
             Slain by a wight (6 damage)
             ... on level 6 of the Dungeon.
             The game lasted 00:41:45 (7312 turns).

southernslant the Digger (GrEE)                     Turns: 7312, Time: 00:41:45

Health: -2/52      AC: 12    Str: 17    XL:     9   Next: 6%
Magic:  15/15      EV: 11    Int: 15    God:
Gold:   233        SH:  0    Dex: 10    Spells: 14/16 levels left

rFire   + . .      SeeInvis .   u - +8 trident of the Octopus King {venom, rElec rPois}
rCold   . . .      Faith    .   (no shield)
rNeg    + . .      Spirit   .   z - +0 ring mail
rPois   ∞          Reflect  .   (no helmet)
rElec   +          Harm     .   (no cloak)
rCorr   .          Rampage  .   (no gloves)
Will    .....                   (no boots)
Stlth   +.........              F - amulet of regeneration
HPRegen 0.97/turn               E - ring of protection from fire
MPRegen 0.14/turn               (no ring)

@: no status effects
A: sickness immunity, AC +6, negative energy resistance 1, electricity
resistance, torment resistance 1, petrification resistance
a: no special abilities


You were on level 6 of the Dungeon.
You visited 2 branches of the dungeon, and saw 8 of its levels.

You collected 233 gold pieces.

Inventory:

Hand Weapons
 o - a +0 whip
 r - a +0 hunting sling
 u - the +8 trident of the Octopus King (weapon) {venom, rElec rPois}
   (You found it on level 3 of the Dungeon)

   It poisons the flesh of those it strikes.
   rElec:     It insulates you from electricity.
   rPois:     It protects you from poison.
 y - a +2 spear of venom
 C - a +0 hand crossbow
 J - a +2 flail
 K - a +3 halberd
Missiles
 i - 119 sling bullets
 q - 201 stones
 v - 5 boomerangs
 w - 32 poisoned darts (quivered)
 D - 10 bolts
Armour
 b - a +0 robe
 z - a +0 ring mail (worn)
 A - a +0 leather armour
Jewellery
 E - a ring of protection from fire (left hand)
 F - an amulet of regeneration (around neck)
Scrolls
 a - a scroll of fear {unknown}
 c - a scroll of vulnerability {unknown}
 d - a scroll of blinking {unknown}
 g - 2 scrolls of fog {unknown}
 h - a scroll of amnesia {unknown}
 j - 8 scrolls of identify {unknown}
 k - 2 scrolls of brand weapon {unknown}
 m - 2 scrolls of teleportation {unknown}
 p - a scroll of magic mapping {unknown}
 B - 2 scrolls of summoning {unknown}
Potions
 e - 3 potions of heal wounds {unknown}
 f - 2 potions of degeneration {unknown}
 l - a potion of mutation {unknown}
 n - 2 potions of curing
 s - a potion of lignification {unknown}
 t - 2 potions of ambrosia {unknown}
 x - 2 potions of brilliance {unknown}
 G - a potion of cancellation {unknown}
 H - a potion of attraction {unknown}
 I - a potion of resistance {unknown}


   Skills:
 + Level 4.0 Fighting
 - Level 1.0 Maces & Flails
 * Level 3.4 Polearms
 * Level 4.0 Armour
 * Level 3.8 Dodging
 - Level 2.1 Stealth
 - Level 0.2 Unarmed Combat
 * Level 4.4 Spellcasting
 * Level 4.5 Conjurations
 - Level 0.7 Transmutations
 + Level 5.2 Earth Magic
 * Level 3.2 Invocations


You had 14 spell levels left.
You knew the following spells:

 Your Spells              Type           Power      Damage    Failure   Level
a - Sandblast             Erth           38%        2d10      3%          1
b - Sting                 Tmut/Pois      16%        1d3       26%         1

Your spell library contained the following spells:

 Spells                   Type           Power      Damage    Failure   Level
 Shock                    Conj/Air       40%        1d5       12%         1
 Stone Arrow              Conj/Erth      36%        3d9       12%         3
 Passwall                 Tmut/Erth      10%        N/A       13%         2
 Poisonous Vapours        Pois/Air       6%         N/A       41%         2
 Swiftness                Air            3%         N/A       65%         3
 Petrify                  Tmut/Erth      12%        N/A       65%         4
 Airstrike                Air            1%         N/A       96%         4
 Olgreb's Toxic Radiance  Pois           3%         N/A       96%         4


Dungeon Overview and Level Annotations

Branches:
Dungeon (7/15)             Temple (1/1) D:4

Altars:
Ashenzari
Cheibriados
Elyvilon
Fedhas
Gozag
Hepliaklqana
Kikubaaqudgha
Nemelex Xobeh
Okawaru
Qazlal
Ru
Sif Muna
Trog
Uskayaw
Vehumet
Wu Jian
Xom
Yredelemnul
Zin

Annotations:
D:3 exclusion: statue
D:6 2 runed translucent doors, rogsnak's ghost, novice DsAE


Innate Abilities, Weirdness & Mutations

You are immune to sickness and miasma.
Your stone body is resilient. (AC +6)
You are immune to poison.
You resist negative energy. (rN+)
You are resistant to electric shocks. (rElec)
You are resistant to unholy torment.
You are immune to petrification.


Message History

You puncture the wight!
The wight is severely damaged.
The wight hits you with a +0 mace. The wight completely misses you.
There is a stone staircase leading up here.
You puncture the wight!
You destroy the wight!
You hit the wight but do no damage. The wight completely misses you.
You closely miss the wight.
A wight comes into view. It is wielding a +4 trident.
The wight misses you.
You puncture the wight!
The wight is heavily damaged.
The wight hits you but does no damage.
The wight hits you with a +4 battleaxe of freezing!
The wight freezes you.
You puncture the wight!
The wight is almost destroyed.
The wight barely misses you.
The wight hits you with a +4 battleaxe of freezing!
The wight freezes you.
You completely miss the wight.
The wight is almost destroyed.
The wight hits you with a +3 flail. The wight hits you but does no damage.
The wight closely misses you.
The wight hits you with a +4 battleaxe of freezing!
* * * LOW HITPOINT WARNING * * *
The wight freezes you.
* * * LOW HITPOINT WARNING * * *
The wight hits you from afar with a +4 trident.
* * * LOW HITPOINT WARNING * * *
You climb upwards.
Level annotation: 2 runed translucent doors, rogsnak's ghost, novice DsAE
There is a stone staircase leading down here.
You feel better. The wight barely misses you. x2
You feel better.
The wight hits you with a +4 battleaxe of freezing!
* * * LOW HITPOINT WARNING * * *
The wight freezes you.
You die...

.....)....## .........##
#........## #.........##
...........### ####
...........#.## ##..#
..............# #...##
..............####....#
#..............z@#....#
.....#.........[)z..#####
................##.###..##
.............#####.......#
.............###.........##
.............##...........#
...##...#.##.##.......#...#######
.......##.............##.....#..#
...########...#.......##....<...#


You could see 2 wights.

Vanquished Creatures
  Prince Ribbit (D:6)
  A water moccasin (D:6)
  2 ogres
  A necrophage (D:6)
  A kobold brigand (D:6)
  2 bullfrogs (D:6)
  2 scorpions
  4 wights
  A howler monkey (D:4)
  A bullfrog zombie (D:6)
  4 orc priests
  2 jellies
  2 hounds
  2 iguanas (D:4)
  2 orc wizards
  A howler monkey skeleton (D:4)
  7 gnolls (D:3)
  7 adders
  A shadow imp (D:6)
  A white imp (D:6)
  An adder skeleton (D:2)
  A worm (D:2)
  23 orcs
  5 bats
  10 endoplasms
  8 giant cockroaches
  6 hobgoblins
  5 jackals
  9 quokkas
  8 ball pythons
  5 frilled lizards
  9 goblins
  11 kobolds
  6 rats
152 creatures vanquished.

Notes
Turn   | Place    | Note
-------+----------+-------------------------------------------
     0 | D:1      | southernslant the Gargoyle Earth Elementalist began the
                  | quest for the Orb.
     0 | D:1      | Reached XP level 1. HP: 10/10 MP: 3/3
   319 | D:1      | Reached XP level 2. HP: 8/15 MP: 3/5
   929 | D:1      | Reached XP level 3. HP: 16/20 MP: 0/6
   941 | D:1      | HP: 1/20 [quokka (2)]
  1348 | D:1      | HP: 1/20 [quokka (3)]
  1487 | D:1      | Reached skill level 1 in Conjurations
  1922 | D:1      | Reached skill level 1 in Fighting
  2238 | D:2      | Reached XP level 4. HP: 13/25 MP: 7/7
  2575 | D:2      | Reached skill level 1 in Maces & Flails
  3028 | D:3      | Found the +8 trident of the Octopus King {venom, rElec
                  | rPois}
  3050 | D:3      | Learned a level 1 spell: Sting
  3206 | D:3      | Reached XP level 5. HP: 30/30 MP: 7/9
  3267 | D:3      | Found a radiant altar of Vehumet.
  3267 | D:3      | Noticed a charred statue
  3278 | D:3      | Reached skill level 1 in Armour
  3281 | D:3      | Reached skill level 4 in Earth Magic
  3480 | D:3      | Found a glowing silver altar of Zin.
  3722 | D:3      | Reached skill level 1 in Polearms
  3727 | D:3      | Reached XP level 6. HP: 32/36 MP: 10/10
  4134 | D:4      | Found a staircase to the Ecumenical Temple.
  4510 | D:4      | Reached XP level 7. HP: 22/41 MP: 11/11
  5166 | Temple   | Entered the Ecumenical Temple
  5523 | D:5      | Entered Level 5 of the Dungeon
  5702 | D:5      | Found a broken altar of Ashenzari.
  6053 | D:5      | Reached skill level 1 in Invocations
  6533 | D:6      | Reached XP level 8. HP: 38/46 MP: 13/13
  6737 | D:6      | Noticed Prince Ribbit
  6745 | D:6      | Killed Prince Ribbit
  6746 | D:6      | Reached skill level 5 in Earth Magic
  6966 | D:6      | Found a large runed translucent door.
  6966 | D:6      | Found a large runed translucent door.
  6970 | D:6      | Noticed rogsnak's ghost (novice DsAE)
  7244 | D:6      | Reached XP level 9. HP: 43/52 MP: 15/15
  7312 | D:6      | Slain by a wight

Illustrated notes

Levels and vault maps discovered:
D:1:      lemuel_arrival_river_ford, layout_rooms, serial_park_tiny_pond,
          minmay_pentomino_o2
D:2:      layout_rooms, fountainhead
D:3:      layout_loops_cross, vehumet_statue, zin_treasury,
          gup_sewer_entry_pipe, amethyst_killhole, chequers_serial_rivers_marsh
D:4:      layout_cave_pods, minmay_temple_entry_arrows
D:5:      layout_gridville, ashenzari_conservatory_becter,
          kennysheep_generic_room_13
D:6:      layout_cave_pools, ebering_ghost_disaster_area, uniq_prince_ribbit1
D:7:      layout_rooms, chequers_serial_rivers_large_a
Temple:   eino_temple_rhombus

Skill      XL: |  1  2  3  4  5  6  7  8  9 |
---------------+----------------------------+-----
Conjurations   | 1 2 3 4 |  4.5
Fighting       | 1 2 3 4 |  4.0
Dodging        | 2 3 |  3.8
Maces & Flails | 1 |  1.0
Armour         | 1 2 3 4 |  4.0
Earth Magic    | 4 5 |  5.2
Polearms       | 1 2 3 |  3.4
Spellcasting   | 3 4 |  4.4
Invocations    | 1 3 |  3.2
Stealth        | |  2.1
Unarmed Combat | |  0.2
Transmutations | |  0.7

Action                   |  1- 3 |  4- 6 |  7- 9 || total
-------------------------+-------+-------+-------++-------
Melee: Unarmed           |    11 |       |       ||    11
       Club              |   113 |    26 |       ||   139
       Punch             |     1 |     2 |       ||     3
       Whip              |       |    23 |       ||    23
       Trident           |       |   106 |   150 ||   256
Throw: Dart              |       |    14 |    13 ||    27
 Cast: Sandblast         |    30 |    12 |       ||    42
  Use: Potion            |       |       |     4 ||     4
 Stab: Sleeping          |     1 |     4 |     1 ||     6
       Distracted        |       |     1 |       ||     1
Armor: Robe              |    52 |    44 |       ||    96
       Ring mail         |       |    18 |    95 ||   113
Dodge: Dodged            |   121 |    97 |    92 ||   310

Table legend: (Time is in decaauts)
 A = Elapsed time spent in this place.
 B = Non-inter-level travel time spent in this place.
 C = Inter-level travel time spent in this place.
 D = Time resting spent in this place.
 E = Time spent auto-exploring this place.
 F = Levels seen in this place.
 G = Mean time per level.
                   A        B        C        D        E       F      G
               +--------+--------+--------+--------+--------+-----+--------+
         Total |   7431 |   7431 |      0 |      0 |   5128 |   8 |  928.9 |
       Dungeon |   7110 |   7110 |      0 |      0 |   5033 |   7 | 1015.7 |
        Temple |    321 |    321 |      0 |      0 |     95 |   1 |  321.0 |
               +--------+--------+--------+--------+--------+-----+--------+

Top non-repeatable levels by time:
     D:1: 2166 daAuts
     D:4: 1205 daAuts
     D:3: 1044 daAuts
     D:5: 992 daAuts
     D:2: 877 daAuts
     D:6: 753 daAuts
  Temple: 321 daAuts
     D:7: 69 daAuts
